Cogmind - Beta 11.1 @@@ ROGUE MODE // 2022.09.04 @ 00:30:07 Player: Hemlokk Result: Destroyed by G-47 Trooper with Particle Gun Performance ------------- Evolutions (0) 0 Regions Visited (2) 400 Robots Destroyed (12) 60 Value Destroyed (410) 410 Prototype IDs (5) 100 Alien Tech Used (0) 0 Bonus (0) 0 TOTAL SCORE: 970 Bonus ------- None Cogmind --------- Core Integrity 0/250 Matter 286/300 Energy 250/250 System Corruption 3% Temperature Cool (86) Movement Walking (190) Ox1 Location -10/Mines Parts ------- > --- POWER (1) -------- Ion Engine > --- PROPULSION (2) --- Aluminum Leg Aluminum Leg > --- UTILITY (2) ------ Medium Storage Unit Sensor Array > --- WEAPON (2) ------- Particle Gun Light Cannon > --- INVENTORY (10) --- Heavy Ion Engine Light Treads Light Treads Aluminum Leg Aluminum Leg Aluminum Leg Improved Heat Sink Hardened Light Armor Plating Hardened Light Armor Plating Rocket Launcher Peak State ------------ > --- POWER ------------ Heavy Ion Engine > --- PROPULSION ------- Wheel Compact Wheel > --- UTILITY ---------- Medium Storage Unit Hardened Light Armor Plating > --- WEAPON ----------- Medium Laser Assault Rifle > --- INVENTORY -------- Ion Engine Ion Engine Heavy Ion Engine Heavy Ion Engine Light Treads Light Treads Cooling System Cooling System Small Storage Unit Hardened Light Armor Plating [Rating: 11] Favorites ----------- Power Ion Engine Engine Ion Engine Propulsion Aluminum Leg Leg Aluminum Leg Wheel Compact Wheel Utility Medium Storage Unit Device Sensor Array Storage Medium Storage Unit Protection Hardened Light Armor Plating Weapon Assault Rifle Energy Gun Particle Gun Ballistic Gun Assault Rifle Ballistic Cannon Light Cannon Build | -11 -10 -10 ------- Run | Scr Mat Min Slots Evolved . | . . . Power . | . . . Propulsion . | . . . Utility . | . . . Weapon . | . . . Parts Attached 25 | 6 12 7 Power 3 | 1 2 . Engine 3 | 1 2 . Core . | . . . Reactor . | . . . Propulsion 8 | 2 4 2 Treads . | . . . Leg 6 | . 4 2 Wheel 2 | 2 . . Hover . | . . . Flight . | . . . Utility 9 | 1 5 3 Device 4 | . 2 2 Storage 2 | 1 1 . Processor . | . . . Hackware . | . . . Protection 3 | . 2 1 Artifact . | . . . Weapon 5 | 2 1 2 Energy Gun 3 | 1 1 1 Energy Cannon . | . . . Ballistic Gun 1 | 1 . . Ballistic Cannon 1 | . . 1 Launcher . | . . . Special Weapon . | . . . Impact Weapon . | . . . Slashing Weapon . | . . . Piercing Weapon . | . . . Special Melee Weapon . | . . . Unidentified Prototypes 1 | . 1 . Parts Lost 1 | . . 1 Power . | . . . Propulsion 1 | . . 1 Utility . | . . . Weapon . | . . . Highest Loss Streak 1 | . . 1 To Critical Strikes . | . . . Average Slot Usage (%) 98 | . 98 99 Engine 14 | . 14 14 Leg 23 | . 20 27 Wheel 4 | . 7 . Device 10 | . 7 13 Storage 14 | . 14 14 Protection 3 | . 4 . Energy Gun 14 | . 14 14 Ballistic Gun 13 | . 14 11 Naked Turns . | . . . Heaviest Build 24 | 14 24 22 Greatest Support 26 | 26 26 20 Greatest Overweight (x) 2 | . 2 2 Average Overweight (x) . | . . 1 Largest Inventory Capacity 10 | 8 10 10 Average Capacity 9 | 7 9 10 Most Carried 10 | 3 10 10 Average Carried 9 | 2 9 9 Final Capacity 10 | 8 10 10 Final Carried 10 | 3 10 10 Class Distribution -------------------- 100% | Mutant Dominant Class ---------------- Mutant | -10/Materials Mutant | -10/Mines Resources | -11 -10 -10 ----------- Run | Scr Mat Min Matter Collected 626 | 167 338 121 Remotely . | . . . Salvage Created 494 | . 398 96 Parts 26 | . 19 7 Haulers Intercepted 1 | . 1 . Recyclers Shooed . | . . . Parts Field Recycled . | . . . Retrieved Matter . | . . . Parts Self-Destructed . | . . . Prevented . | . . . Kills | -11 -10 -10 ------- Run | Scr Mat Min Combat Hostiles Destroyed 10 | . 7 3 Guns 10 | . 7 3 Classes Destroyed 3 | . 3 . Hauler 1 | . 1 . Watcher 1 | . 1 . Grunt 10 | . 7 3 Best Kill Streak 3 | . 3 2 Combat Bots Only 2 | . 2 2 Max Kills in Single Turn 1 | . 1 1 Gunslinging . | . . . Exploded . | . . . Melee . | . . . Uniques/NPCs Destroyed . | . . . Combat | -11 -10 -10 -------- Run | Scr Mat Min Damage Taken 851 | . 453 398 Core 258 | . 122 136 Absorbed by Shields . | . . . Core Remaining (%) 100 | 100 . . Volleys Fired 56 | . 41 15 Largest 2 | . 2 2 Hottest 100 | . 85 100 Shots Fired 109 | . 82 27 Gun 102 | . 82 20 Cannon 7 | . . 7 Launcher . | . . . Special . | . . . Kinetic 56 | . 41 15 Thermal 53 | . 41 12 Explosive . | . . . Electromagnetic . | . . . Robot Hit Streak 9 | . 9 5 Robot Miss Streak 5 | . 5 1 Penetration Max . | . . . Secondary Targets 1 | . 1 . Max Gunslinging Chain 1 | . 1 . Shots Hit Robots 63 | . 45 18 Core Hits 26 | . 21 5 Critical Kills . | . . . Critical Parts Destroyed . | . . . Critical Strikes 3 | . 3 . Burn 3 | . 3 . Melee Attacks . | . . . Impact . | . . . Slashing . | . . . Piercing . | . . . Sneak Attacks . | . . . Combat Hostiles . | . . . Follow-up Attacks . | . . . Damage Inflicted 882 | . 573 309 Guns 803 | . 573 230 Cannons 79 | . . 79 Explosions . | . . . Melee . | . . . Ramming . | . . . Kinetic 441 | . 276 165 Thermal 441 | . 297 144 Explosive . | . . . Electromagnetic . | . . . Impact . | . . . Slashing . | . . . Piercing . | . . . Highest Corruption 3 | . 3 3 Average Corruption 2 | . 1 3 Corruption Purged . | . . . Corruption Blocked . | . . . Effects 20 | . 9 11 Message Errors 8 | . 4 4 Matter Fused 3 | . 1 2 Heat Flow Errors 4 | . 1 3 Data Loss (minor) 1 | . . 1 Data Loss (major) 3 | . 2 1 Alerts 1 | . 1 . Overload Shots . | . . . Overflow Damage . | . . . Projectiles . | . . . Explosions . | . . . Melee . | . . . Knockbacks 2 | . . 2 Impact . | . . . Kinetic 2 | . . 2 Secondary . | . . . Self-Inflicted Damage . | . . . Shots . | . . . Rammed . | . . . Targets Rammed . | . . . Kicked . | . . . Crushed . | . . . Highest Temperature 430 | . 253 430 Average Temperature 97 | . 83 129 Received Heat Transfer 543 | . 300 243 Effects 1 | . . 1 Damage (minor) 1 | . . 1 Siege Activations . | . . . Robots Corrupted . | . . . Combat Hostiles . | . . . Parts Fried . | . . . Impact Corruptions . | . . . Robots Melted . | . . . Combat Hostiles . | . . . Parts Melted 1 | . . 1 Heat Transferred 1406 | . 1073 333 Parts Sabotaged . | . . . Parts Stolen . | . . . Parts Stripped . | . . . Power Chain Reactions . | . . . Missiles Intercepted . | . . . Alert | -11 -10 -10 ------- Run | Scr Mat Min Peak Influence 226 | . 226 60 Initial 11 | . . 11 Average 48 | . 72 17 Maximum Alert Level 1 | . 1 . Low Security (%) 95 | 100 92 100 Level 1 4 | . 7 . Level 2 . | . . . Level 3 . | . . . Level 4 . | . . . Level 5 . | . . . High Security . | . . . Max Security . | . . . Squads Dispatched 1 | . 1 . Investigation 1 | . 1 . Extermination . | . . . Reinforcement . | . . . Assault . | . . . Garrison . | . . . Intercept . | . . . Searches Triggered . | . . . Construction Impeded . | . . . Haulers Reinforced . | . . . Active Scanning Responses . | . . . Cargo Convoy Interrupts . | . . . Stealth | -11 -10 -10 --------- Run | Scr Mat Min Distress Signals . | . . . Communications Jammed . | . . . Distress Signals . | . . . Times Spotted 23 | . 19 4 Peak Tracking Total 5 | . 5 2 Tactical Retreats 2 | . 2 . Traps | -11 -10 -10 ------- Run | Scr Mat Min Traps Triggered 2 | . 2 . Indirectly . | . . . Trap Hack Attempts . | . . . Triggered . | . . . Disarmed . | . . . Reprogrammed . | . . . Reused . | . . . Traps Extracted . | . . . Installed . | . . . Triggered . | . . . Machines | -11 -10 -10 ---------- Run | Scr Mat Min Machines Disabled . | . . . Max in Single Turn . | . . . Machines Sabotaged . | . . . Garrisons Compromised . | . . . Overloaded Fab Kills . | . . . Hacking | -11 -10 -10 --------- Run | Scr Mat Min Machines Accessed 8 | . 8 . Terminals 6 | . 6 . Fabricators . | . . . Repair Stations . | . . . Recycling Units 2 | . 2 . Scanalyzers . | . . . Garrison Access . | . . . Total Hacks 27 | . 27 . Successful 18 | . 18 . Failed 9 | . 9 . Catastrophic . | . . . Database Lockouts . | . . . Manual 4 | . 4 . Terminals 24 | . 24 . Fabricators . | . . . Repair Stations . | . . . Recycling Units 3 | . 3 . Scanalyzers . | . . . Garrison Access . | . . . Terminal Hacks 13 | . 13 . Record 3 | . 3 . Prototype ID Bank 2 | . 2 . Alert Level 1 | . 1 . Unreport Threat 1 | . 1 . Locate Traps 2 | . 2 . Dispatch Records 1 | . 1 . Registered Components 1 | . 1 . Zone Layout 2 | . 2 . Fabricator Hacks . | . . . Repair Station Hacks . | . . . Recycling Unit Hacks 3 | . 3 . Report Inventory 2 | . 2 . Retrieve Components 1 | . 1 . Scanalyzer . | . . . Garrison Access Hacks . | . . . Unauthorized Hacks 2 | . 2 . Terminals 2 | . 2 . Track 1 | . 1 . Botnet 1 | . 1 . Fabricators . | . . . Repair Stations . | . . . Recycling Units . | . . . Scanalyzers . | . . . Garrison Access . | . . . Data Cores Recovered . | . . . Used . | . . . Hacking Detections 7 | . 7 . Full Trace Events 1 | . 1 . Feedback Events . | . . . Feedback Blocked . | . . . Robot Schematics Acquired . | . . . Robots Built . | . . . Authchips . | . . . Time . | . . . Total Robot Build Rating . | . . . Part Schematics Acquired . | . . . Parts Built . | . . . Authchips . | . . . Time . | . . . Total Part Build Rating . | . . . Parts Repaired . | . . . Time . | . . . Parts Recycled . | . . . Recycled Matter . | . . . Retrieved Matter . | . . . Retrieved Components 10 | . 10 . Parts Scanalyzed . | . . . Part Schematics Acquired . | . . . Parts Damaged . | . . . Bothacking | -11 -10 -10 ------------ Run | Scr Mat Min Used RIF Installer . | . . . Robots Hacked . | . . . Non-combat . | . . . Combat . | . . . Robot Hacks Applied . | . . . Relay Couplers Released . | . . . Fabnet Peak Effective % . | . . . Robots Rewired . | . . . Allies Hacked . | . . . Hacks Repelled . | . . . Allies | -11 -10 -10 -------- Run | Scr Mat Min Total Allies . | . . . Largest Group . | . . . Highest-Rated Group . | . . . Highest-Rated Ally . | . . . Total Orders . | . . . Ally Attacks . | . . . Total Damage . | . . . Kills . | . . . Allies Corrupted . | . . . Allies Melted . | . . . Intel | -11 -10 -10 ------- Run | Scr Mat Min Robot Analysis Total . | . . . Derelict Logs Recovered . | . . . Drone Launches . | . . . Drone Recoveries . | . . . Exploration | -11 -10 -10 ------------- Run | Scr Mat Min Turns Passed 1636 | 72 940 624 Spaces Moved 888 | 65 530 293 Core 1 | 1 . . Treads . | . . . Legs 631 | . 338 293 Wheels 256 | 64 192 . Hover . | . . . Flight . | . . . Fastest Speed 50 | 50 90 190 Average Speed 157 | 90 147 190 Slowest Speed 260 | 100 260 260 Overloaded Moves . | . . . Propulsion Burnouts . | . . . Robots Hopped . | . . . Cave-ins Triggered . | . . . Exploration Rate (%) 46 | 3 85 52 Regions Visited 2 Branch Regions 1 Pre-discovered Areas . | . . . Known Exits Taken . | . . . Unknown Exits Taken 2 | 1 1 . Scrap Searched . | . . . Spaces Dug . | . . . Terrain Destroyed . | . . . Melee . | . . . Projectile . | . . . AOE . | . . . Terrain Rammed . | . . . Walls Destroyed . | . . . Machines Disabled . | . . . Actions | -11 -10 -10 --------- Run | Scr Mat Min Total 1015 | 75 610 330 Wait 11 | . 1 10 Move 886 | 64 529 293 Hop . | . . . Pick Up 20 | 5 14 1 Fast Attach 14 | 4 6 4 Attach 2 | 2 . . Detach 1 | . 1 . Swap 9 | . 6 3 Drop 16 | . 12 4 Fire 56 | . 41 15 Melee . | . . . Ram . | . . . Kick . | . . . Crush . | . . . Escape Stasis . | . . . Rewire . | . . . Trap . | . . . Miscellaneous . | . . . Route ------- -11/Scrapyard -10/Materials (discovered 4 exits: [*Mat x2] / [*Min x2]) -10/Mines (discovered 2 exits: [*Mat x2]) History --------- Turn | Location | Event 15 | -11/Scrapyard | Discovered new exit (range 16) 73 | -11/Scrapyard | Entered Materials 110 | -10/Materials | Discovered new exit (range 6) 351 | -10/Materials | Build established: Mutant 408 | -10/Materials | Discovered new exit (range 5) 577 | -10/Materials | Discovered new exit (range 12) 899 | -10/Materials | Discovered new exit (range 16) 1013 | -10/Materials | Entered Mines 1287 | -10/Mines | Discovered new exit (range 11) 1294 | -10/Mines | Received a Rocket Launcher from a helpful Derelict 1357 | -10/Mines | Discovered new exit (range 9) 1502 | -10/Mines | Core integrity fell below 50% 1618 | -10/Mines | Core integrity fell below 20% 1637 | -10/Mines | Destroyed by G-47 Trooper with Particle Gun Last Messages --------------- 01520_ Dropped Particle Gun. 01521_ Acquired Particle Gun. 01525_ Acquired 36 matter. 01527_ Acquired 31 matter. 01529_ Dropped Aluminum Leg. 01530_ Acquired Aluminum Leg. 01544_ Acquired 25 matter. 01548_ Dropped Assault Rifle. 01549_ Acquired Lgt. Cannon. 01579_ HLIBVW44KVB7J4GBHQNV=KYX 01597_ Aluminum Leg destroyed. 01598_ G-34 Mercenary destroyed. 01601_ Acquired 13 matter. 01606_ Acquired Aluminum Leg. 01608_ Acquired 10 matter. 01611_ G-47 Trooper knocked back. 01612_ Acquired 4 matter. 01615_ Acquired 2 matter. 01615_ Critical hit (Burn: +37). 01617_ G-47 Trooper knocked back. Map ----- +----------------------------------------------------+ | | | | | | | | | | | | | | | | | | | | | | | ?????????????????????????????????????????????????? | | ?????????????????????????###?????????????????????? | | ????????????????????????? ?????????????????????? | | ?????????????########???? ???????????########## | | ?????????????# #??? ""???????????# | | ?????????????#""" #??? ""????????????# | | ?????????????#""" #??? "?????????????# ###### | | ?????????????#""" #??? ?????????????????????? | | ?????????????# #???# #?????????????????????? | | ?????????????# #???# #?????????????????????? | | ?????????????####### ##### #?????????????????????? | | ???????????????????#[ #?????????????????????? | | ???????????#########*####g##?####????????????????? | | ??????????##| %%[?##?# #?## ##???????????????? | | ??????????# ! ###@#?# ##???????####???? | | ??????????# ## #?# ##?????## #???? | | ??????????# ] ### #?# ####### ##### | | ??????????## ##?## ### ##?# | | ???????????### ????###### ### < ##### | | ?????????????# ???????## ### ##???? | | ?????????????# ???????# #?##### ###????? | | ?????????????#???????# ##? ##????## ##??????? | | ????????????????????# ### ##????####???????? | | ???????????????????# ### #????????###????? | | ???????????????????# ?# #???????## ##??? | | ???????????????????## ### ##???????# ##?? | | ????????????????????###### ##????????# ##? | | ???????????????????????## ##?????????# ## | | ???????????????????????# ##?????????## # | | ???????????????????????# ##?????????## | | ???????????????????????# #?????????## | | ??????????????????????## #?????????# | | ?????????????????###?## #?????????## | | ????????????????## ## ##??????????##### | | ????????????????# ##???????????????## | | ????????????????# """ #?????????????????## | | ???????????###### """ #??????????????????## | | ???????? """ #????????############ | | ???????? ##????????# ## | +----------------------------------------------------+ Best States ------------- Heat Dissipation 39 Energy Generation 10 Energy Capacity 250 Matter Stores 300 Matter Capacity 300 Sight Range 16 Robot Scan Range 14 Terrain Scan Density 10 Armor Coverage 150 Evasion (%) 55 Item Schematics ----------------- None Robot Schematics ------------------ None Fabricated ------------ Nothing Alien Tech Used ----------------- None Achievements -------------- None Challenges ------------ None Game ------ Seed IntegrityWeightSink Manual? 0 Play Time 00:17:43 Cumulative 20.6 hours Start 2022.09.04 @ 00:15:36 End 2022.09.04 @ 00:30:07 Sessions 1 Manual Loads 0 Difficulty Rogue Special Mode None Game No. 9 Rogue 6 Adventurer 3 Explorer 0 Win Type - Total 0 Types 0/0/0/0/0/0/0/0/0 Lore% 25 Gallery% 29 Achievement% 23 Wizard Run 0 Options --------- ASCII 0 Keyboard 1 Movement Numpad Keybinds 0 Fullscreen 0 Font 20/SmallcapsGlow Map View 76x50 Tactical HUD 1 Map Filters NONE Filters NONE Steam 1 RUN: 7cf652c0-fe04-402b-b11a-5402b14d613a